Map: 亚历山大港 - 天梯版

Players

SpeCial - Winner!

  • Race: Terran Terran

puCK (Nina)

  • Race: Protoss Protoss

Event: WESG 2018 Grand Finals

VOD

Have the link to the VOD?

Description

Time

  • Played on: March 11, 2019, 4 a.m.
  • Length: 12:07

All games in this series

Show
View Real Time Build Order
Export as new Build Order

SpeCial Terran - Winner!

Build Orders: Reaper Expand 

Get SALT Encoding   

  12  0:00  SCV  
  13  0:12  SCV  
  14  0:18  Supply Depot  
  14  0:25  SCV  
  15  0:39  SCV  
  15  0:41  Barracks  
  16  0:44  Refinery  
  16  0:51  SCV  
  17  1:03  SCV  
  18  1:15  SCV  
  19  1:28  Reaper, Orbital Command  
  20  1:44  Command Center  
  20  1:55  Supply Depot, SCV  
  20  2:00  Marine  
  22  2:08  Factory  
  22  2:10  SCV  
  23  2:17  Refinery  
  23  2:23  Barracks Reactor  
  23  2:25  SCV  
  24  2:37  SCV  
  25  2:49  SCV  
  26  2:53  Starport  
  26  2:56  Orbital Command  
  26  3:00  Marine x2  
  26  3:04  SCV  
  29  3:06  Barracks  
  29  3:14  Factory Tech Lab  
  29  3:16  SCV  
  30  3:22  SCV  
  30  3:23  Marine x2  
  32  3:28  SCV  
  33  3:36  Barracks  
  33  3:37  SCV  
  33  3:40  Raven  
  36  3:41  Marine x2  
  36  3:46  SCV  
  39  3:49  SCV  
  40  3:55  Factory Tech Lab  
  40  3:58  SCV  
  40  3:59  Supply Depot  
  40  4:01  Marine x2, SCV  
  44  4:04  Marine  
  45  4:10  SCV  
  45  4:12  Bunker  
  46  4:17  Supply Depot  
  46  4:20  SCV  
  46  4:22  Marine x2  
  46  4:23  SCV  
  50  4:30  Engineering Bay  
  50  4:32  Stimpack  
  50  4:33  SCV  
  50  4:35  SCV  
  53  4:39  Marauder x2  
  53  4:45  SCV  
  57  4:47  Refinery  
  57  4:48  Starport Reactor  
  57  4:49  Supply Depot  
  57  4:50  Marine x2  
  59  4:53  SCV  
  59  4:57  SCV  
  59  4:59  Terran Infantry Weapons Level 1  
  61  5:03  Supply Depot  
  61  5:05  SCV  
  62  5:09  SCV  
  62  5:10  Marine x2  
  62  5:11  Marauder x2  
  68  5:16  Factory Reactor  
  68  5:17  SCV  
  69  5:21  SCV, Supply Depot  
  69  5:26  Medivac  
  72  5:28  Marine x2  
  72  5:29  Medivac, SCV  
  72  5:33  SCV  
  72  5:35  Combat Shield  
  78  5:36  Refinery  
  78  5:43  Marauder x2, SCV  
  78  5:47  Supply Depot x2  
  78  5:49  Marine x2  
  85  6:08  Medivac  
  85  6:09  Widow Mine x2, Supply Depot  
  91  6:11  Medivac  
  91  6:12  Marine x2  
  91  6:14  Marauder  
  91  6:15  Marauder  
  99  6:26  Command Center  
  99  6:30  Marine x2  
  99  6:32  Supply Depot  
  101  6:35  Marauder  
  101  6:36  Concussive Shells  
  101  6:38  Marauder  
  101  6:39  Widow Mine x2  
  109  6:45  SCV  
  109  6:46  SCV  
  110  6:47  Medivac  
  110  6:53  Medivac  
  110  7:01  Marine x2  
  108  7:02  Marauder x2  
  108  7:05  SCV  
  108  7:07  Widow Mine x2  
  118  7:12  Command Center  
  118  7:14  Terran Infantry Armor Level 1  
  118  7:16  Supply Depot  
  118  7:23  Barracks  
  118  7:24  Barracks  
  118  7:35  SCV  
  118  7:38  Marauder x2, Marine x2, SCV  
  125  7:45  Starport  
  125  7:50  Supply Depot  
  126  7:54  Supply Depot  
  126  7:56  Viking x2  
  129  8:00  Marine  
  129  8:01  Marine  
  129  8:03  Marauder  
  133  8:07  SCV  
  133  8:11  SCV  
  133  8:12  Marauder  
  134  8:21  SCV  
  134  8:26  Marauder, Marine, Viking x2  
  137  8:33  Marine  
  132  8:35  Barracks Reactor  
  132  8:36  Barracks Tech Lab  
  131  8:42  Ghost Academy  
  131  8:43  Viking x2  
  135  8:52  Marine x2  
  135  8:53  Marauder x2  
  139  9:00  Viking  
  141  9:03  Orbital Command  
  141  9:08  Viking  
  141  9:21  Marine x4  
  141  9:25  Ghost x3  
  141  9:29  SCV  
  150  9:36  Medivac x2  
  151  9:40  Refinery x2  
  146  9:48  Marine x4  
  150  9:53  Supply Depot  
  150  9:54  Supply Depot, Ghost  
  150  9:59  Marauder x2  
  145  10:16  Marine  
  145  10:21  Marauder x2  
  126  10:22  Marine  
  126  10:23  Medivac x2, Marauder, Marine x2  
  126  10:24  Medivac  
  135  10:34  Marine  
  136  10:38  Armory  
  136  10:40  Engineering Bay, Marine x2  
  136  10:41  Marine  
  136  10:42  Marauder x2  
  143  10:44  Marine  
  143  10:45  Command Center  
  144  10:52  Marine  
  145  10:58  Marine x2  
  145  11:02  Marauder  
  145  11:03  Medivac x2  
  150  11:04  Marine  
  150  11:05  Marauder  
  137  11:12  Marauder, Marine  
  137  11:15  SCV x2  
  137  11:16  Marine, SCV  
  134  11:23  Marine  
  134  11:24  Marauder  
  137  11:26  Marauder  
  137  11:28  SCV x2  
  137  11:29  SCV  
  142  11:43  Marine  
  143  11:47  Marine x2  
  143  11:48  Marine  
Show
View Real Time Build Order
Export as new Build Order

puCK Protoss 

Build Orders: 1 Gate Expand, Phoenix Opening, Blink Stalkers, Colossus Rush 

Get SALT Encoding   

  12  0:00  Probe  
  13  0:12  Probe  
  14  0:18  Pylon  
  14  0:24  Probe  
  15  0:34  Probe  
  15  0:39  Gateway  
  15  0:42  Probe  
  17  0:51  Probe  
  17  0:52  Assimilator  
  18  1:04  Probe  
  19  1:16  Probe  
  20  1:28  Cybernetics Core  
  20  1:40  Nexus  
  20  1:44  Probe  
  21  1:50  Pylon  
  21  1:56  Probe  
  21  1:58  Adept  
  21  1:59  Assimilator  
  24  2:08  Probe  
  24  2:12  Warp Gate  
  25  2:20  Probe  
  25  2:22  Sentry  
  28  2:33  Probe  
  29  2:45  Probe  
  29  2:49  Probe  
  30  2:51  Stalker  
  30  2:57  Probe x2, Phoenix  
  34  3:00  Twilight Council  
  35  3:07  Probe  
  35  3:09  Probe  
  37  3:12  Gateway  
  37  3:16  Gateway  
  37  3:23  Probe  
  37  3:24  Probe  
  39  3:28  Pylon  
  39  3:31  Probe  
  39  3:36  Blink  
  39  3:39  Probe x2  
  42  3:50  Probe  
  42  3:51  Probe  
  42  3:55  Assimilator  
  44  3:57  Assimilator  
  44  3:59  Probe  
  44  4:03  Probe  
  44  4:05  Robotics Facility  
  44  4:07  Probe  
  46  4:13  Stalker  
  46  4:16  Probe  
  50  4:18  Stalker  
  50  4:20  Probe  
  53  4:24  Pylon  
  53  4:28  Probe  
  53  4:31  Pylon  
  54  4:33  Pylon  
  54  4:40  Shield Battery  
  54  4:42  Probe  
  54  4:44  Stalker  
  54  4:45  Probe  
  58  4:48  Observer  
  58  4:50  Stalker  
  60  4:57  Robotics Bay  
  60  4:59  Stalker  
  63  5:00  Probe  
  63  5:06  Observer  
  64  5:11  Stalker  
  65  5:25  Nexus  
  65  5:32  Sentry  
  65  5:34  Colossus, Zealot x2  
  71  5:45  Extended Thermal Lance  
  77  5:52  Pylon  
  77  5:58  Forge  
  77  6:03  Pylon  
  77  6:10  Stalker x3  
  77  6:11  Probe x2  
  84  6:15  Forge  
  84  6:18  Colossus, Protoss Ground Weapons Level 1  
  85  6:23  Probe  
  86  6:31  Pylon  
  92  6:37  Zealot  
  92  6:39  Zealot  
  96  6:43  Zealot  
  96  6:46  Charge  
  98  6:58  Stalker  
  98  7:00  Stalker  
  101  7:01  Pylon  
  98  7:10  Pylon  
  98  7:16  Protoss Ground Armor Level 1  
  98  7:26  Zealot x2, Templar Archives  
  102  7:32  Observer  
  102  7:33  Nexus  
  101  7:42  Stalker  
  104  7:45  Pylon  
  104  7:47  Probe x2  
  106  7:56  Pylon  
  106  7:57  Immortal  
  110  8:03  Psionic Storm, Probe  
  111  8:10  Shield Battery  
  108  8:20  Zealot x3  
  103  8:28  Protoss Ground Weapons Level 2  
  103  8:32  Pylon  
  103  8:33  Probe  
  102  8:43  Stalker  
  102  8:44  Probe, Observer  
  102  8:46  Probe  
  102  8:47  Probe  
  106  8:53  High Templar  
  106  8:54  High Templar  
  111  8:59  Probe  
  111  9:01  Probe  
  111  9:02  Probe  
  113  9:03  Observer  
  113  9:07  High Templar  
  117  9:11  Probe  
  116  9:22  Probe x2  
  118  9:25  Probe  
  118  9:26  Observer  
  119  9:34  Probe  
  119  9:36  Stalker x2  
  125  9:38  Probe x2  
  125  9:44  Stalker  
  125  9:48  Probe  
  125  9:51  Probe  
  127  9:54  Gateway  
  127  9:56  Gateway  
  127  9:59  Zealot x2  
  131  10:00  Probe  
  120  10:14  Colossus  
  100  10:24  Zealot x3  
  100  10:26  Probe x2  
  114  10:31  Archon, Gateway  
  114  10:32  Probe  
  115  10:39  Pylon  
  115  10:40  Pylon  
  115  10:44  Zealot x3  
  121  10:52  High Templar x2  
  115  11:09  Zealot x3  
  93  11:15  Disruptor  
  75  11:22  Probe  
  75  11:25  Stalker x2  
  61  11:28  Probe  
  61  11:30  Sentry  
  61  11:31  Zealot  
  61  11:32  Zealot x2  
  69  11:39  Pylon, Probe  
  70  11:44  Probe  
  71  11:48  Stalker  
  73  11:55  Zealot  
  70  12:03  Zealot x2  
Tags
 
Add a new tag
Caveats
  • Supply blocks, unpowered buildings, or Contaminate may cause inaccurate times.
  • Supply counts are checked every 10 seconds.